 Dungeon Crawl Stone Soup version 0.24-a0-447-ge8da9206dc (webtiles) character file.

Game seed: 10097144501017965387

1489 KristoblXynda the Nimble (level 8, -2/42 HPs)
             Began as a Spriggan Berserker on June 25, 2019.
             Was a Priest of Trog.
             Shot with an arrow by a centaur (6 damage)
             ... on level 6 of the Dungeon.
             The game lasted 00:09:43 (5446 turns).

KristoblXynda the Nimble (Spriggan Berserker)       Turns: 5446, Time: 00:09:43

Health: -2/42      AC:  3    Str: 18    XL:     8   Next: 51%
Magic:  0/11       EV: 23    Int:  9    God:    Trog [***...]
Gold:   135        SH:  0    Dex: 15    Spells: 7/7 levels left

rFire    . . .     SeeInvis +   x - +3 dagger (venom)
rCold    . . .     Gourm    .   (shield restricted)
rNeg     . . .     Faith    .   b - +1 animal skin
rPois    +         Spirit   +   (helmet restricted)
rElec    .         Reflect  .   e - scarf {Spirit}
rCorr    .         Harm     .   (gloves unavailable)
MR       +....                  (boots unavailable)
Stlth    ++++......             (no amulet)
HPRegen  0.14/turn              q - ring of poison resistance
MPRegen  0.12/turn              a - +3 ring of strength

@: flying, very quick
A: very small, unfitting armour, see invisible, herbivore, speed 3, slow
metabolism 2
a: Berserk, Trog's Hand, Renounce Religion


You were on level 6 of the Dungeon.
You worshipped Trog.
Trog was most pleased with you.
You were not hungry.

You visited 2 branches of the dungeon, and saw 7 of its levels.
You also visited: Sewer.

You collected 245 gold pieces.
You spent 110 gold pieces at shops.

Inventory:

Hand Weapons
 v - a cursed +0 hunting sling
 x - a +3 dagger of venom (weapon)
Armour
 b - a +1 animal skin (worn)
 e - a scarf of spirit shield (worn)
Jewellery
 a - a +3 ring of strength (right hand)
 q - a ring of poison resistance (left hand)
Wands
 p - a wand of scattershot (8)
 t - a wand of digging (5)
 u - a wand of random effects (18)
 w - a wand of paralysis (11)
Scrolls
 i - a scroll of enchant armour
 k - 2 scrolls of enchant weapon
 m - 2 scrolls of teleportation
 n - a scroll of remove curse
 o - a scroll of fear
Potions
 d - 2 potions of might
 f - 10 potions of curing
 g - 2 potions of agility {unknown}
 h - a potion of magic {unknown}
 j - a potion of degeneration {unknown}
 l - 3 potions of flight
 r - 2 potions of heal wounds
 s - a potion of cancellation {unknown}
Comestibles
 c - 9 rations


   Skills:
 + Level 4.9 Fighting
 + Level 6.5 Short Blades
 + Level 8.5 Dodging
 + Level 7.9 Stealth
 + Level 3.2 Evocations


You had 7 spell levels left.
You didn't know any spells.
Your spell library was empty.

Dungeon Overview and Level Annotations

Branches:
Dungeon (6/15)             Temple (1/1) D:6

Altars:
Ashenzari
Cheibriados
Dithmenos
Elyvilon
Fedhas
Gozag
Kikubaaqudgha
Makhleb
Nemelex Xobeh
Okawaru
Qazlal
Ru
Sif Muna
Trog
Uskayaw
Wu Jian
Xom
Yredelemnul
Zin
The Shining One

Shops:
D:6 (


Innate Abilities, Weirdness & Mutations

You are very small and have problems with some larger weapons.
You are too small for most types of armour.
You have supernaturally acute eyesight. (SInv)
You are a herbivore.
You cover ground extremely quickly.
You need to consume almost no food.


Message History

You hear a splash.
Things that are here:
a +0 shortbow; 19 arrows; a centaur corpse You hit the centaur.
The centaur is severely wounded.
The centaur unwields a +0 shortbow.
The centaur hits you.
The centaur wields a +0 shortbow.
The centaur shoots an arrow.
The arrow barely misses you.
You hear a splash.
The centaur unwields a +0 shortbow.
The centaur completely misses you.
Things that are here:
a +0 shortbow; 14 arrows You hit the centaur but do no damage.
The centaur barely misses you.
The centaur shoots an arrow.
The arrow hits you!
* * * LOW HITPOINT WARNING * * *
You hit the centaur.
The centaur is poisoned.
The centaur is lightly wounded.
The centaur closely misses you.
The centaur shoots an arrow.
The arrow hits you.
You die...

######(.......(§##§#...
#......##......§§§§§...
###.####..#≈≈≈≈##§.#§#§#.
#.(.####≈≈≈≈≈≈≈≈..§§§####
#(#.#≈≈≈≈≈≈≈≈≈≈≈≈§§≈..##.
#.≈≈≈≈≈≈≈≈≈≈≈≈≈≈≈≈≈§≈≈≈..
#≈≈≈≈≈≈≈≈..≈≈≈≈≈≈≈≈≈≈≈≈≈.
#≈≈≈≈≈≈......≈≈≈≈≈≈≈≈≈≈≈.
#≈≈≈≈≈.)@c....≈≈≈≈≈≈≈≈≈≈.
#≈≈≈≈≈c.)#'#..≈≈≈≈≈≈≈≈≈≈.
#≈≈≈≈.)(.# #..≈≈≈≈≈≈≈≈≈..
##≈≈≈...## #..≈≈≈≈≈≈≈≈≈..
#≈≈≈..## #.≈≈≈≈≈≈≈≈≈#..
#≈≈≈≈.## #.≈≈≈≈≈≈≈.....
##≈≈≈≈.####.≈≈≈≈≈≈......
##≈≈≈≈≈≈..≈≈≈≈≈........
##≈≈≈≈≈≈≈≈≈≈≈##...#...


You could see 2 centaurs.

Vanquished Creatures
  Menkaure (D:6)
  5 centaurs
  2 ogres (D:4)
  A crocodile (Sewer)
  A bullfrog (D:6)
  A crimson imp (D:5)
  3 hounds
  2 bullfrog skeletons (D:5)
  3 centaur skeletons
  Ijyb (D:4)
  3 iguanas
  2 orc wizards (D:5)
  3 worker ants
  3 gnolls (D:2)
  4 adders
  An adder skeleton (D:6)
  3 dart slugs
  5 leopard geckos
  6 orcs
  A ball python (D:1)
  6 bats
  4 giant cockroaches
  8 goblins
  9 hobgoblins
  2 jackals (Sewer)
  2 quokkas
  4 frilled lizards
  10 kobolds
  A quokka skeleton (D:6)
  5 rats
102 creatures vanquished.

Notes
Turn   | Place    | Note
-------+----------+-------------------------------------------
     0 | D:1      | KristoblXynda the Spriggan Berserker began the quest for
                  | the Orb.
     0 | D:1      | Reached XP level 1. HP: 11/11 MP: 2/2
   307 | D:1      | Reached skill level 1 in Stealth
   310 | D:1      | Reached XP level 2. HP: 16/16 MP: 3/3
   875 | D:1      | Reached XP level 3. HP: 19/19 MP: 4/4
  1090 | D:1      | Reached ** piety under Trog
  1159 | D:2      | Reached skill level 5 in Dodging
  1613 | D:2      | Reached XP level 4. HP: 23/23 MP: 5/5
  1940 | D:3      | You fall into a shaft and drop 1 floor!
  2138 | D:4      | Found a glowing drain.
  2144 | D:4      | Reached XP level 5. HP: 21/28 MP: 6/6
  2151 | Sewer    | Entered a sewer
  2376 | Sewer    | Noticed a crocodile
  2388 | Sewer    | Killed a crocodile
  2388 | Sewer    | Reached skill level 6 in Dodging
  2655 | D:4      | Noticed an ogre
  2657 | D:4      | Killed an ogre
  2657 | D:4      | Reached XP level 6. HP: 26/32 MP: 7/7
  2714 | D:4      | Found a blossoming altar of Fedhas.
  2805 | D:4      | Reached skill level 5 in Short Blades
  2805 | D:4      | Reached skill level 5 in Stealth
  2920 | D:4      | Noticed Ijyb
  2925 | D:4      | Killed Ijyb
  2939 | D:4      | Found a shattered altar of Ashenzari.
  2951 | D:4      | Found a shimmering altar of Xom.
  3187 | D:4      | Reached XP level 7. HP: 34/37 MP: 6/8
  3243 | D:5      | Entered Level 5 of the Dungeon
  3249 | D:5      | Reached skill level 7 in Dodging
  3597 | D:5      | Found a sparkling altar of Nemelex Xobeh.
  3953 | D:5      | Reached *** piety under Trog
  4200 | D:6      | Found Coisogei's Antique Weapon Boutique.
  4216 | D:6      | Bought a glowing dagger for 110 gold pieces
  4226 | D:6      | Noticed Menkaure
  4246 | D:6      | Killed Menkaure
  4246 | D:6      | Reached skill level 1 in Evocations
  4246 | D:6      | Reached XP level 8. HP: 16/42 MP: 3/10
  4736 | D:6      | Found a staircase to the Ecumenical Temple.
  4764 | D:6      | Reached skill level 8 in Dodging
  5135 | Temple   | Entered the Ecumenical Temple
  5446 | D:6      | Shot with an arrow by a centaur

Levels and vault maps discovered:
D:1:      lemuel_arrival_behind_the_door_large, layout_basic, serial_forest,
          infiniplex_forest_side_room, infiniplex_forest_straight_3,
          infiniplex_forest_straight_4, infiniplex_forest_diagonal,
          infiniplex_forest_clump_medium, infiniplex_forest_straight_1,
          infiniplex_forest_clump_long, infiniplex_forest_pool,
          infiniplex_forest_lined_2, infiniplex_forest_straight_2,
          kennysheep_crisscross, serial_bayou_crossing
D:2:      layout_loops_cross
D:3:      layout_basic, fiery_altar_vehumet, tgw_sif
D:4:      layout_loops_ring, fedhas_altar_1, amethyst_overflow_temple_binary,
          portal_sewer_entry_d, uniq_ijyb
D:5:      layout_loops_ring, nemelex_xobeh_ov_fountains_minmay, first_ration,
          minmay_misc_feat_tower, uniq_blork_the_orc
D:6:      layout_cave_pools, minmay_temple_entry_statues_fountains,
          serial_shops, nicolae_shop_waterfront, minmay_door_square,
          centaur_isle, uniq_menkaure
Temple:   eino_temple_scatter_basement

Skill      XL: |  1  2  3  4  5  6  7  8 |
---------------+-------------------------+-----
Stealth        | 1 2 3 4 5 7 |  7.9
Dodging        | 5 6 7 8 |  8.5
Fighting       | 3 4 |  4.9
Short Blades   | 4 5 6 |  6.5
Evocations     | 1 3 |  3.2

Action                   |  1- 3 |  4- 6 |  7- 9 || total
-------------------------+-------+-------+-------++-------
Melee: Short sword       |   136 |   108 |       ||   244
       Dagger            |       |    16 |   159 ||   175
Invok: Berserk           |     1 |     2 |       ||     3
       Trog's Hand       |       |       |     1 ||     1
  Use: Scroll            |       |     8 |     7 ||    15
       Potion            |       |       |     3 ||     3
 Stab: Sleeping          |     6 |     6 |     6 ||    18
  Eat: Ration            |       |     2 |     1 ||     3
Armor: Animal skin       |    11 |     6 |     6 ||    23
Dodge: Dodged            |    88 |   108 |   148 ||   344

Table legend:
 A = Non-vault XP
 B = Vault XP
 C = Vault XP percentage of total XP
 D = Non-vault monster count
 E = Vault monster count
 F = Vault count percentage of total count
                 A         B        C        D         E       F
            +---------+---------+-------+---------+---------+-------
      Total |    1324 |     804 |  37.8 |      89 |      13 |  12.7
            +---------+---------+-------+---------+---------+-------
        D:1 |      52 |       0 |   0.0 |      29 |       0 |   0.0
        D:2 |      96 |       0 |   0.0 |      24 |       0 |   0.0
        D:4 |     442 |      49 |  10.0 |      11 |       2 |  15.4
        D:5 |     543 |       0 |   0.0 |      19 |       0 |   0.0
        D:6 |     191 |     637 |  76.9 |       6 |       5 |  45.5
      Sewer |       0 |     118 | 100.0 |       0 |       6 | 100.0
            +---------+---------+-------+---------+---------+-------
